 Dungeon Crawl Stone Soup version 0.26-a0-84-g8c18429211 (webtiles) character file.

Game seed: 222163797868565778

7053 Morbidden the Covert (level 11, -18/84 HPs)
             Began as a Gnoll Assassin on June 20, 2020.
             Was a High Priest of Jiyva.
             Demolished by a spiny frog (19 damage)
             ... on level 2 of the Lair of Beasts.
             The game lasted 00:31:22 (10817 turns).

Morbidden the Covert (Gnoll Assassin)              Turns: 10817, Time: 00:31:23

Health: -18/84     AC: 15    Str: 15    XL:     11   Next: 9%
Magic:  19/19      EV: 15    Int: 18    God:    Jiyva [*****.]
Gold:   497        SH:  4    Dex: 14    Spells: 21/21 levels left

rFire    + . .     SeeInvis .   P - +2 scimitar (flame)
rCold    . . .     Gourm    .   (no shield)
rNeg     . . .     Faith    .   I - +0 swamp dragon scales
rPois    +         Spirit   .   (no helmet)
rElec    .         Reflect  .   y - +1 cloak of Quantum Leap {rPois rF+ rC- Stlth+}
rCorr    +         Harm     .   (no gloves)
MR       .....                  O - +0 pair of boots
Stlth    ++++++....             (no amulet)
HPRegen  0.24/turn              o - ring of protection from cold
MPRegen  0.16/turn              Q - ring of stealth

@: no status effects
A: distributed training, fangs 1, large bone plates 1, molten scales 1, poison
resistance, gelatinous body 1, strong nose
a: Request Jelly, Slimify, Cure Bad Mutation, Renounce Religion


You were on level 2 of the Lair of Beasts.
You worshipped Jiyva.
Jiyva was extremely pleased with you.
You were full.

You visited 3 branches of the dungeon, and saw 11 of its levels.
You also visited: Sewer.

You collected 497 gold pieces.

Inventory:

Hand Weapons
 a - a +2 short sword of freezing
 b - a +2 dagger of flaming
 u - the +4 flail of Starshine {flame, rF+}
   (You found it on level 1 of the Lair of Beasts)

   It has been specially enchanted to burn those struck by it, causing extra
   injury to most foes and up to half again as much damage against particularly
   susceptible opponents.
   It protects you from fire.
 A - a +0 shortbow
 K - a +2 halberd of flaming
 M - a +0 fustibalus
 N - a +4 morningstar
 P - a +2 scimitar of flaming (weapon)
Missiles
 e - 2 curare-tipped darts
 j - 6 javelins
 k - 6 atropa-tipped darts
 l - 4 boomerangs
 E - 94 sling bullets
 F - 152 stones (quivered)
 G - 36 arrows
 H - a poisoned dart
Armour
 c - a +0 cloak
 y - the +1 cloak of Quantum Leap (worn) {rPois rF+ rC- Stlth+}
   (You found it on level 8 of the Dungeon)

   It protects you from fire.
   It makes you vulnerable to cold.
   It protects you from poison.
   It makes you more stealthy.
 I - +0 swamp dragon scales (worn)
 L - a +0 plate armour
 O - a +0 pair of boots (worn)
Jewellery
 o - a ring of protection from cold (left hand)
 B - an uncursed ring of magical power
 Q - a ring of stealth (right hand)
Scrolls
 d - 9 scrolls of remove curse
 g - a scroll of enchant armour
 h - a scroll of teleportation
 m - a scroll of fog
 q - 3 scrolls of identify
Potions
 i - a potion of invisibility {unknown}
 n - 9 potions of flight
 p - a potion of lignification {unknown}
 r - 4 potions of might
 t - a potion of curing
 w - 2 potions of brilliance {unknown}
 x - 2 potions of magic
 z - 2 potions of haste {unknown}
 D - a potion of stabbing {unknown}
Comestibles
 f - 16 rations


   Skills:
 + Level 7.5 Fighting
 + Level 7.5 Short Blades
 + Level 5.8 Long Blades
 + Level 5.8 Axes
 + Level 5.8 Maces & Flails
 + Level 5.8 Polearms
 + Level 5.8 Staves
 + Level 5.8 Slings
 + Level 5.8 Bows
 + Level 5.8 Crossbows
 + Level 7.5 Throwing
 + Level 5.8 Armour
 + Level 6.4 Dodging
 + Level 9.8 Stealth
 + Level 5.8 Shields
 + Level 5.8 Unarmed Combat
 + Level 5.8 Spellcasting
 + Level 4.8 Conjurations
 + Level 4.8 Hexes
 + Level 4.8 Charms
 + Level 4.8 Summonings
 + Level 4.8 Necromancy
 + Level 4.8 Translocations
 + Level 4.8 Transmutations
 + Level 4.8 Fire Magic
 + Level 4.8 Ice Magic
 + Level 4.8 Air Magic
 + Level 4.8 Earth Magic
 + Level 4.8 Poison Magic
 + Level 6.4 Invocations
 + Level 5.8 Evocations


You had 21 spell levels left.
You didn't know any spells.
Your spell library contained the following spells:

 Spells                   Type           Power        Failure   Level  Hunger
 Magic Dart               Conj           ###.         3%          1    None
 Searing Ray              Conj           ###...       4%          2    None
 Dazzling Flash           Conj/Hex       ###...       9%          3    ##.....
 Fulminant Prism          Conj/Hex       ###.......   28%         4    ####...
 Iskenderun's Mystic Bla  Conj/Tloc      ###.....     28%         4    ####...


Dungeon Overview and Level Annotations

Branches:
Dungeon (8/15)             Temple (1/1) D:4            Lair (2/6) D:8
  Sewer (visited)
  Swamp: Lair:2-4    Shoals: Lair:2-4     Snake: Lair:2-4    Spider: Lair:2-4

Altars:
Ashenzari
Cheibriados
Dithmenos
Elyvilon
Fedhas
Gozag
Hepliaklqana
Kikubaaqudgha
Makhleb
Okawaru
Sif Muna
Trog
Uskayaw
Vehumet
Wu Jian
Xom
Yredelemnul
Zin
The Shining One
Jiyva

Shops:
D:6 }


Innate Abilities, Weirdness & Mutations

Your experience applies equally to all skills.
You have very sharp teeth.
Your uncanny sense of smell can sniff out nearby items.
You are partially covered in large bone plates. (SH +4)
You are partially covered in molten scales. (AC +2)
Your system is resistant to poisons. (rPois)
Your rubbery body absorbs attacks. (AC +1, EV +1)


Message History

The bullfrog closely misses you.
You riposte.
You slash the bullfrog! You burn the bullfrog. Your punch misses the bullfrog.
You bite the bullfrog.
The bullfrog is severely wounded.
The spiny frog closely misses you.
You riposte.
You hit the spiny frog. You burn the spiny frog.
The spiny frog is lightly wounded.
The bullfrog misses you.
You riposte.
You slash the bullfrog! You burn the bullfrog.
You kill the bullfrog!
There is a stone staircase leading up here.
Unknown command.
Unknown command.
Unknown command.
Unknown command.
Okay, then.
The ice encasing you melts away. The spiny frog stings you!
* * * LOW HITPOINT WARNING * * *
The spiny frog stings you!!
You die...

.. # ###
.###.#..### .
.#.#.....# ..
........# P..
.......##
.>..###.......#.
......#P........
#.....F.......
..#.§.@F§§.....
####...k§.§...#
......§.r.§..##
.........†§§....
................
....P...........
P.##.......(.r..
###.............
##.....<#.....


You could see 2 spiny frogs, a rime drake and a porcupine.

Vanquished Creatures
  A hydra (Lair:2)
  Erica (D:8)
  Pikel (D:6)
  A black mamba (Lair:1)
  2 spiny frogs (Lair:1)
  Maggie (D:7)
  3 komodo dragons
  A shadow (D:8)
  2 wyverns (D:8)
  A water moccasin (Lair:1)
  A porcupine (Lair:1)
  An ice beast (D:5)
  3 orc warriors (D:8)
  A phantom (D:8)
  2 sky beasts
  A slave (D:6)
  5 ogres
  A centaur (D:6)
  A big kobold (Sewer)
  4 bullfrogs
  A scorpion (D:8)
  2 wights (D:8)
  4 howler monkeys
  An electric eel (Lair:1)
  A crimson imp (D:6)
  A hound (D:4)
  A centaur skeleton (D:4)
  Crazy Yiuf (D:6)
  An iron imp (D:2)
  5 orc wizards
  3 iguanas
  7 worker ants
  2 killer bee zombies
  A hound skeleton (D:7)
  4 gnolls (D:3)
  3 river rats
  9 adders
  A shadow imp (D:5)
  2 oozes
  3 adder skeletons
  3 worms
  3 dart slugs
  6 leopard geckos
  12 orcs
  3 giant cockroaches
  10 goblins
  6 hobgoblins
  2 jackals (D:4)
  9 quokkas
  6 ball pythons
  5 bats
  4 frilled lizards
  19 kobolds
  8 rats
183 creatures vanquished.

Vanquished Creatures (others)
  Prince Ribbit (D:7)
  A hippogriff (D:7)
  Sigmund (D:5)
  Edmund (D:5)
  A sky beast (D:6)
  3 phantoms
  2 ogres (D:7)
  A crocodile (Lair:1)
  3 bullfrogs
  27 jellies
  A crimson imp (D:6)
  2 hounds
  3 orc wizards
  An iron imp (D:7)
  4 worker ants (D:6)
  A killer bee zombie (D:7)
  3 adders
  An adder zombie (D:8)
  A worm (D:5)
  2 leopard geckos
  An orc (D:7)
  4 jackals
  2 quokkas
  A ball python (D:5)
  A jackal skeleton (D:7)
  4 fungi (D:7)
  5 toadstools (D:7)
78 creatures vanquished.

Grand Total: 261 creatures vanquished

Notes
Turn   | Place    | Note
-------+----------+-------------------------------------------
     0 | D:1      | Morbidden the Gnoll Assassin began the quest for the Orb.
     0 | D:1      | Reached XP level 1. HP: 20/20 MP: 1/1
   150 | D:1      | Reached XP level 2. HP: 26/26 MP: 2/2
   734 | D:2      | Found a burning altar of Makhleb.
   751 | D:2      | Reached skill level 1 in Invocations
   751 | D:2      | Reached XP level 3. HP: 17/31 MP: 2/4
   917 | D:2      | Reached skill level 1 in Long Blades
   917 | D:2      | Reached skill level 1 in Axes
   917 | D:2      | Reached skill level 1 in Maces & Flails
   917 | D:2      | Reached skill level 1 in Polearms
   917 | D:2      | Reached skill level 1 in Staves
   917 | D:2      | Reached skill level 1 in Slings
   917 | D:2      | Reached skill level 1 in Bows
   917 | D:2      | Reached skill level 1 in Crossbows
   917 | D:2      | Reached skill level 1 in Armour
   917 | D:2      | Reached skill level 1 in Shields
   917 | D:2      | Reached skill level 1 in Unarmed Combat
   917 | D:2      | Reached skill level 1 in Spellcasting
   917 | D:2      | Reached skill level 1 in Evocations
   952 | D:2      | Reached XP level 4. HP: 38/38 MP: 5/5
  1058 | D:2      | Found a white marble altar of Elyvilon.
  1133 | D:2      | Found a shimmering altar of Xom.
  1134 | D:2      | Found a shimmering altar of Xom.
  1135 | D:2      | Found a shimmering altar of Xom.
  1136 | D:2      | Found a shimmering altar of Xom.
  1136 | D:2      | Found a shimmering altar of Xom.
  1457 | D:3      | Found a glowing drain.
  1524 | D:3      | Reached skill level 1 in Conjurations
  1524 | D:3      | Reached skill level 1 in Hexes
  1524 | D:3      | Reached skill level 1 in Charms
  1524 | D:3      | Reached skill level 1 in Summonings
  1524 | D:3      | Reached skill level 1 in Necromancy
  1524 | D:3      | Reached skill level 1 in Translocations
  1524 | D:3      | Reached skill level 1 in Transmutations
  1524 | D:3      | Reached skill level 1 in Fire Magic
  1524 | D:3      | Reached skill level 1 in Ice Magic
  1524 | D:3      | Reached skill level 1 in Air Magic
  1524 | D:3      | Reached skill level 1 in Earth Magic
  1524 | D:3      | Reached skill level 1 in Poison Magic
  1544 | Sewer    | Entered a sewer
  1551 | Sewer    | Reached XP level 5. HP: 19/43 MP: 6/6
  1748 | Sewer    | Noticed a big kobold
  1761 | Sewer    | Killed a big kobold
  2017 | Sewer    | Reached skill level 8 in Stealth
  2041 | Sewer    | Reached XP level 6. HP: 50/50 MP: 8/8
  2280 | D:3      | Reached skill level 5 in Fighting
  2280 | D:3      | Reached skill level 5 in Short Blades
  2280 | D:3      | Reached skill level 5 in Throwing
  3339 | D:4      | Reached XP level 7. HP: 56/56 MP: 10/10
  3625 | D:4      | Found a staircase to the Ecumenical Temple.
  3691 | Temple   | Entered the Ecumenical Temple
  3778 | Temple   | Became a worshipper of Jiyva Jizai the Shapeless
  4302 | D:5      | Entered Level 5 of the Dungeon
  4341 | D:5      | Found a white marble altar of Elyvilon.
  4358 | D:5      | Reached * piety under Jiyva
  4375 | D:5      | Killed Edmund
  4433 | D:5      | Noticed Sigmund
  4478 | D:5      | Reached ** piety under Jiyva
  4478 | D:5      | Killed Sigmund
  4729 | D:5      | Reached XP level 8. HP: 36/63 MP: 12/12
  5625 | D:6      | Reached *** piety under Jiyva
  5892 | D:6      | Noticed Pikel
  5922 | D:6      | HP: 3/63 [slave[Pikel] (7)]
  5981 | D:6      | Killed Pikel
  6338 | D:6      | Gained mutation: You are partially covered in large bone
                  | plates. (SH +4) [Jiyva's grace]
  6350 | D:6      | Found a runed translucent door.
  6351 | D:6      | Noticed Crazy Yiuf
  6478 | D:6      | Found Jezetot's Gadget Emporium.
  6511 | D:6      | Found an ornate altar of the Wu Jian Council.
  6593 | D:6      | Reached XP level 9. HP: 69/69 MP: 14/14
  6602 | D:6      | Found a glowing silver altar of Zin.
  6935 | D:6      | Killed Crazy Yiuf
  6960 | D:6      | Reached **** piety under Jiyva
  7076 | D:7      | Gained mutation: You are partially covered in molten
                  | scales. (AC +2) [Jiyva's grace]
  7296 | D:7      | Noticed Prince Ribbit
  7389 | D:7      | Killed Prince Ribbit
  7512 | D:7      | Found a bloodstained altar of Trog.
  7523 | D:7      | Noticed Maggie
  7539 | D:7      | Killed Maggie
  7539 | D:7      | Reached skill level 5 in Dodging
  7808 | D:7      | Reached ***** piety under Jiyva
  7937 | D:7      | Found a snail-covered altar of Cheibriados.
  7981 | D:7      | Found a hazy altar of Hepliaklqana.
  8080 | D:8      | Gained mutation: Your rubbery body absorbs attacks. (AC +1,
                  | EV +1) [Jiyva's grace]
  8096 | D:8      | Reached skill level 9 in Stealth
  8519 | D:8      | Reached skill level 5 in Invocations
  8550 | D:8      | Noticed Erica
  8560 | D:8      | Killed Erica
  8560 | D:8      | Reached XP level 10. HP: 51/77 MP: 17/17
  8706 | D:8      | Reached skill level 5 in Long Blades
  8706 | D:8      | Reached skill level 5 in Axes
  8706 | D:8      | Reached skill level 5 in Maces & Flails
  8706 | D:8      | Reached skill level 5 in Polearms
  8706 | D:8      | Reached skill level 5 in Staves
  8706 | D:8      | Reached skill level 5 in Slings
  8706 | D:8      | Reached skill level 5 in Bows
  8706 | D:8      | Reached skill level 5 in Crossbows
  8706 | D:8      | Reached skill level 5 in Armour
  8706 | D:8      | Reached skill level 5 in Shields
  8706 | D:8      | Reached skill level 5 in Unarmed Combat
  8706 | D:8      | Reached skill level 5 in Spellcasting
  8706 | D:8      | Reached skill level 5 in Evocations
  8902 | D:8      | Found a staircase to the Lair.
  8980 | D:8      | Got a buzzing cloak
  8992 | D:8      | Identified the +1 cloak of Quantum Leap {rPois rF+ rC-
                  | Stlth+} (You found it on level 8 of the Dungeon)
  9291 | Lair:1   | Entered Level 1 of the Lair of Beasts
  9615 | Lair:1   | Noticed a black mamba
  9631 | Lair:1   | Killed a black mamba
  9814 | Lair:1   | Gained mutation: Your system is resistant to poisons.
                  | (rPois) [Jiyva's grace]
  9836 | Lair:1   | Got a twisted flail
  9838 | Lair:1   | Identified the +4 flail of Starshine {flame, rF+} (You
                  | found it on level 1 of the Lair of Beasts)
  9917 | Lair:1   | Noticed a spiny frog
  9933 | Lair:1   | Killed a spiny frog
 10412 | Lair:1   | Noticed a spiny frog
 10424 | Lair:1   | Killed a spiny frog
 10799 | Lair:2   | Noticed a spiny frog
 10800 | Lair:2   | Noticed a seven-headed hydra
 10810 | Lair:2   | Noticed a spiny frog
 10811 | Lair:2   | HP: 2/79 [rime drake/flash freeze (5)]
 10813 | Lair:2   | Killed a three-headed hydra
 10813 | Lair:2   | Reached XP level 11. HP: 42/84 MP: 19/19
 10817 | Lair:2   | HP: 1/84 [spiny frog (10)]
 10817 | Lair:2   | Demolished by a spiny frog

Illustrated notes

Levels and vault maps discovered:
D:1:      dpeg_arrival_orchard, layout_loops_ring
D:2:      layout_rooms, makhleb_grotto_becter, elyvilon_altar_1,
          xom_redecorated, minmay_goblin_kobold_house
D:3:      layout_loops_cross, portal_sewer_entry_c, first_ration
D:4:      layout_basic, minmay_temple_entry_tees, wad_floor_pattern_untrapped,
          minmay_cut_off
D:5:      layout_rooms, basic_altar, minivault_26, uniq_edmund, uniq_sigmund
D:6:      layout_loops_ring, nicolae_overflow_crystal_walls, old_standard_altar,
          serial_shops, nicolae_shop_stone, uniq_crazy_yiuf_cottage, uniq_pikel
D:7:      layout_rooms, old_standard_altar, slow_altar_1,
          lemuel_coloured_pillars_altar, minmay_gold_behind_fungi, uniq_maggie,
          uniq_prince_ribbit1
D:8:      minmay_bloctagon, layout_rooms, lair_entry_dummy, uniq_erica
Temple:   pf_slimified_temple
Lair:1:   layout_cave_pods, grunt_megastairs_4, serial_bayou_shore_b,
          lemuel_fruit_tree, serial_bayou_shore_a, uniq_nergalle
Lair:2:   layout_misc_corridors, spider_nest_entry_funnel_web,
          nicolae_volcano_entry_s_turn, beast_lair_carwin_2

Skill      XL: |  1  2  3  4  5  6  7  8  9 10 |
---------------+-------------------------------+-----
Invocations    | 1 2 3 4 5 6 |  6.4
Long Blades    | 1 2 3 4 5 |  5.8
Axes           | 1 2 3 4 5 |  5.8
Maces & Flails | 1 2 3 4 5 |  5.8
Polearms       | 1 2 3 4 5 |  5.8
Staves         | 1 2 3 4 5 |  5.8
Slings         | 1 2 3 4 5 |  5.8
Bows           | 1 2 3 4 5 |  5.8
Crossbows      | 1 2 3 4 5 |  5.8
Armour         | 1 2 3 4 5 |  5.8
Shields        | 1 2 3 4 5 |  5.8
Unarmed Combat | 1 2 3 4 5 |  5.8
Spellcasting   | 1 2 3 4 5 |  5.8
Evocations     | 1 2 3 4 5 |  5.8
Conjurations   | 1 2 3 4 |  4.8
Hexes          | 1 2 3 4 |  4.8
Charms         | 1 2 3 4 |  4.8
Summonings     | 1 2 3 4 |  4.8
Necromancy     | 1 2 3 4 |  4.8
Translocations | 1 2 3 4 |  4.8
Transmutations | 1 2 3 4 |  4.8
Fire Magic     | 1 2 3 4 |  4.8
Ice Magic      | 1 2 3 4 |  4.8
Air Magic      | 1 2 3 4 |  4.8
Earth Magic    | 1 2 3 4 |  4.8
Poison Magic   | 1 2 3 4 |  4.8
Dodging        | 3 4 5 6 |  6.4
Stealth        | 8 9 |  9.8
Fighting       | 5 6 7 |  7.5
Short Blades   | 5 6 7 |  7.5
Throwing       | 5 6 7 |  7.5

Action                   |  1- 3 |  4- 6 |  7- 9 | 10-12 || total
-------------------------+-------+-------+-------+-------++-------
Melee: Dagger            |    37 |       |     1 |     3 ||    41
       Bite              |     7 |    13 |    25 |    21 ||    66
       Short sword       |     4 |   138 |   103 |    13 ||   258
       Punch             |       |       |     7 |     3 ||    10
       Flail             |       |       |   134 |    28 ||   162
       Scimitar          |       |       |       |    55 ||    55
       Morningstar       |       |       |       |    11 ||    11
       Halberd           |       |       |       |     7 ||     7
Throw: Dart              |    17 |    84 |    37 |       ||   138
       Boomerang         |    12 |    26 |     5 |       ||    43
       Javelin           |       |       |     8 |       ||     8
       Stone             |       |       |       |     3 ||     3
Invok: Request Jelly     |       |       |     3 |     1 ||     4
  Use: Scroll            |       |     9 |       |     5 ||    14
       Potion            |       |     2 |     2 |     4 ||     8
 Stab: Sleeping          |     2 |     2 |     8 |     5 ||    17
       Invisible         |       |     1 |       |       ||     1
       Distracted        |       |       |       |     1 ||     1
  Eat: Chunk             |       |     8 |     5 |       ||    13
Armor: Robe              |     3 |    20 |    14 |       ||    37
       Swamp dragon scal |       |       |    22 |    27 ||    49
Dodge: Dodged            |    18 |    96 |   143 |    93 ||   350
Block: Other             |       |       |    24 |    33 ||    57
       Rpst.: Scimitar   |       |       |       |    23 ||    23

Table legend:
 A = Non-vault XP
 B = Vault XP
 C = Vault XP percentage of total XP
 D = Non-vault monster count
 E = Vault monster count
 F = Vault count percentage of total count
                 A         B        C        D         E       F
            +---------+---------+-------+---------+---------+-------
      Total |    7052 |    3024 |  30.0 |     138 |      46 |  25.0
            +---------+---------+-------+---------+---------+-------
        D:1 |      20 |       0 |   0.0 |      13 |       0 |   0.0
        D:2 |      43 |      43 |  50.0 |      14 |       3 |  17.6
        D:3 |     181 |      33 |  15.4 |      36 |       7 |  16.3
        D:4 |     372 |      38 |   9.3 |      19 |       2 |   9.5
        D:5 |     303 |       0 |   0.0 |      10 |       0 |   0.0
        D:6 |     536 |     621 |  53.7 |       7 |       2 |  22.2
        D:7 |     463 |     552 |  54.4 |       7 |       2 |  22.2
        D:8 |    1964 |    1556 |  44.2 |      22 |       8 |  26.7
     Lair:1 |    2071 |       0 |   0.0 |       8 |       0 |   0.0
     Lair:2 |    1099 |       0 |   0.0 |       2 |       0 |   0.0
      Sewer |       0 |     181 | 100.0 |       0 |      22 | 100.0
            +---------+---------+-------+---------+---------+-------
